Map: Catalyst LE

Players

HeroMarine - Winner!

  • Race: Terran Terran
  • Spawn Location: 5:00

NXZ

  • Race: Zerg Zerg
  • Spawn Location: 11:00

Event: WCS Valencia 2018

VOD

Have the link to the VOD?

Description

Time

  • Played on: July 12, 2018, 9:23 a.m.
  • Length: 9:02

All games in this series

Show
View Real Time Build Order
Export as new Build Order

HeroMarine Terran - Winner!

Build Orders: Liberator Opening, Reaper Expand, MMM Bio 

Get SALT Encoding   

  12  0:00  SCV  
  13  0:12  SCV  
  14  0:17  Supply Depot  
  14  0:25  SCV  
  15  0:39  SCV  
  15  0:40  Barracks  
  16  0:45  Refinery  
  16  0:51  SCV  
  17  1:03  SCV  
  18  1:15  SCV  
  19  1:27  Reaper, Orbital Command  
  20  1:40  Command Center  
  20  1:51  Supply Depot  
  20  1:53  SCV  
  21  1:58  Marine  
  22  2:05  SCV  
  23  2:09  Factory  
  23  2:13  Refinery  
  23  2:17  SCV  
  23  2:22  Barracks Reactor  
  24  2:29  SCV  
  25  2:41  SCV  
  26  2:53  Starport, SCV  
  26  2:54  Orbital Command  
  27  3:04  Hellion  
  27  3:05  Hellion, SCV  
  31  3:12  Barracks Tech Lab  
  32  3:17  SCV  
  32  3:19  Supply Depot  
  34  3:20  SCV  
  34  3:21  Liberator  
  34  3:26  Hellion x2  
  38  3:30  SCV  
  38  3:32  SCV  
  40  3:37  Marine  
  44  3:43  SCV  
  44  3:44  SCV  
  46  3:55  SCV  
  46  3:56  SCV  
  46  4:00  Command Center  
  48  4:05  Hellion  
  48  4:07  Hellion  
  48  4:09  SCV  
  54  4:10  SCV  
  54  4:14  Supply Depot  
  54  4:16  Barracks Tech Lab  
  54  4:32  Starport Reactor  
  54  4:33  Barracks x2  
  54  4:35  SCV x2  
  54  4:36  Supply Depot  
  54  4:38  Marine, Stimpack  
  57  4:47  SCV x2  
  57  4:49  Engineering Bay x2  
  59  4:58  Refinery  
  59  4:59  SCV x2  
  61  5:00  Marine  
  61  5:01  Siege Tank, Refinery  
  65  5:12  SCV x2  
  67  5:18  Orbital Command, Marine  
  68  5:24  SCV x2  
  68  5:26  Starport Reactor  
  70  5:31  Marine x4  
  72  5:36  Siege Tank, Marine, Barracks  
  72  5:39  Barracks  
  72  5:40  Terran Infantry Weapons Level 1  
  72  5:42  Terran Infantry Armor Level 1  
  73  5:47  Orbital Command, SCV x2  
  73  5:49  Marine x3  
  77  5:55  Marine x2  
  75  5:59  SCV  
  75  6:00  SCV  
  71  6:07  Supply Depot x2  
  71  6:08  Medivac x2  
  75  6:11  SCV  
  75  6:12  SCV  
  75  6:15  Siege Tank  
  75  6:16  Supply Depot  
  80  6:18  SCV  
  80  6:24  Barracks Reactor, SCV x2  
  83  6:26  Barracks Reactor  
  83  6:27  Marine  
  83  6:28  Marine x4  
  83  6:31  SCV  
  89  6:36  SCV x2  
  89  6:37  Supply Depot  
  89  6:39  Armory  
  91  6:43  SCV  
  92  6:48  SCV x2, Marine x5  
  92  6:50  Supply Depot  
  92  6:51  Combat Shields  
  99  6:55  SCV  
  99  6:58  Medivac x2  
  99  7:00  SCV x2  
  106  7:02  Siege Tank  
  106  7:05  Marine  
  106  7:08  SCV  
  110  7:09  Refinery  
  110  7:10  Refinery  
  110  7:11  Marine x2  
  110  7:12  Factory, SCV x2  
  110  7:14  Marine  
  110  7:15  Marine x2  
  117  7:16  Marine  
  117  7:17  Marine  
  117  7:18  Marine  
  120  7:23  Marine  
  120  7:29  Supply Depot, Marine x2  
  123  7:32  Marine  
  123  7:33  SCV, Marine  
  123  7:34  Supply Depot  
  125  7:50  SCV x2, Marine x4  
  131  7:52  Supply Depot  
  131  7:55  Marine  
  131  7:56  Marine x4  
  131  7:57  Supply Depot  
  132  8:04  Factory Tech Lab  
  132  8:05  Siege Tank  
  135  8:06  Medivac  
  135  8:07  Medivac  
  135  8:08  Marine  
  140  8:15  Supply Depot  
  140  8:16  Marine x5  
  144  8:22  Marine x3  
  144  8:26  Marine  
  144  8:27  Siege Tank  
  144  8:33  Supply Depot  
  147  8:34  Supply Depot  
  147  8:35  Marine x2  
  147  8:36  Barracks  
  147  8:37  Barracks  
  147  8:38  Marine x2  
  154  8:41  Marine  
  154  8:42  Marine x2  
Show
View Real Time Build Order
Export as new Build Order

NXZ Zerg 

Build Orders: Hatch First 

Get SALT Encoding   

  12  0:00  Drone  
  13  0:08  Drone  
  14  0:16  Overlord  
  14  0:22  Extractor  
  14  0:24  Drone  
  15  0:35  Drone x2  
  17  0:52  Hatchery  
  17  0:55  Drone  
  17  0:59  Drone  
  18  1:09  Extractor  
  17  1:14  Spawning Pool  
  17  1:16  Drone  
  17  1:20  Drone  
  18  1:27  Drone  
  19  1:37  Drone  
  20  1:48  Overlord  
  20  2:02  Queen  
  20  2:04  Queen  
  20  2:05  Zergling x4  
  26  2:10  Metabolic Boost  
  26  2:11  Drone  
  26  2:15  Drone  
  28  2:21  Drone  
  29  2:24  Extractor  
  29  2:26  Drone  
  29  2:32  Drone  
  30  2:43  Extractor  
  30  2:44  Queen  
  30  2:45  Overlord  
  32  2:53  Hatchery, Drone  
  32  2:56  Drone  
  33  2:58  Drone  
  33  3:00  Drone  
  33  3:01  Extractor  
  33  3:05  Drone  
  36  3:08  Drone  
  36  3:11  Drone x2  
  36  3:12  Drone  
  40  3:14  Drone  
  40  3:16  Drone  
  40  3:18  Drone  
  44  3:22  Overlord  
  44  3:25  Overlord  
  44  3:35  Overlord  
  44  3:39  Queen  
  44  3:40  Queen  
  48  3:47  Zergling x8  
  52  3:51  Zergling x2  
  52  3:54  Drone x4  
  57  3:56  Drone  
  57  4:01  Roach Warren  
  57  4:03  Drone  
  57  4:06  Extractor, Drone  
  57  4:08  Drone  
  59  4:11  Queen  
  59  4:16  Overlord  
  61  4:19  Lair  
  61  4:22  Spore Crawler  
  60  4:24  Spore Crawler  
  60  4:27  Spore Crawler, Drone  
  60  4:29  Drone  
  60  4:31  Drone  
  61  4:32  Drone  
  61  4:33  Drone  
  61  4:35  Drone  
  61  4:37  Drone  
  61  4:38  Drone  
  66  4:40  Drone  
  66  4:41  Drone  
  66  4:45  Roach  
  70  4:46  Roach, Extractor  
  70  4:50  Overlord  
  71  4:56  Roach  
  73  5:00  Overlord  
  73  5:03  Overlord  
  72  5:14  Roach x4  
  73  5:24  Drone x13  
  81  5:38  Drone x4  
  81  5:44  Drone  
  81  5:46  Drone  
  80  5:56  Drone  
  76  5:57  Drone x3  
  76  5:58  Drone x2  
  76  5:59  Drone x5  
  85  6:13  Extractor x2  
  85  6:15  Drone x4  
  85  6:16  Queen  
  85  6:17  Overlord  
  89  6:20  Hatchery, Overseer  
  89  6:23  Spire  
  87  6:28  Glial Reconstitution  
  87  6:33  Drone x3  
  87  6:34  Evolution Chamber, Drone  
  87  6:36  Roach x2, Evolution Chamber  
  87  6:38  Extractor, Drone x2  
  94  6:43  Drone x3  
  97  6:48  Overlord x2  
  97  6:50  Overlord  
  97  6:52  Drone  
  98  6:54  Drone  
  98  7:00  Roach x3  
  105  7:03  Overlord  
  105  7:04  Overlord  
  105  7:08  Zerg Missile Weapons Level 1  
  105  7:16  Roach  
  105  7:17  Roach x4  
  105  7:20  Roach  
  118  7:28  Roach x3  
  118  7:29  Roach x2, Overlord  
  128  7:33  Roach x4  
  128  7:37  Roach x3  
  141  7:39  Overlord  
  141  7:42  Roach  
  143  7:45  Overlord x2  
  143  7:50  Roach  
  143  8:00  Roach x6  
  143  8:01  Roach x2  
  143  8:02  Overlord  
  143  8:04  Overlord  
  159  8:06  Roach x2  
  159  8:07  Ravager x2  
  159  8:08  Ravager x3  
  168  8:14  Roach x3  
  168  8:32  Roach  
  168  8:33  Roach x11  
  192  8:40  Overlord  
Tags
 
Add a new tag
Caveats
  • Supply blocks, unpowered buildings, or Contaminate may cause inaccurate times.
  • Supply counts are checked every 10 seconds.